 Dungeon Crawl Stone Soup version 0.25-a0-566-g062765be81 (webtiles) character file.

Game seed: 5244393299221236576, levelgen mode: deterministic

0 Gargoyl the Skirmisher (level 1, -13/19 HPs)
             Began as a Centaur Abyssal Knight on Feb 28, 2020.
             Was a Follower of Lugonu.
             Killed from afar by a raiju (25 damage)
             ... with a living lightning
             ... on level 1 of the Abyss.
             The game lasted 00:00:12 (114 turns).

Gargoyl the Skirmisher (Centaur Abyssal Knight)      Turns: 114, Time: 00:00:12

Health: -13/19     AC:  4    Str: 14    XL:     1   Next: 0%
Magic:  2/2        EV:  9    Int: 11    God:    Lugonu [*.....]
Gold:   5          SH:  0    Dex:  8    Spells: 0/0 levels left

rFire    . . .     SeeInvis .   a - +1 hand axe
rCold    . . .     Gourm    .   (no shield)
rNeg     . . .     Faith    .   b - +0 leather armour
rPois    .         Spirit   .   (no helmet)
rElec    .         Reflect  .   (no cloak)
rCorr    .         Harm     .   (no gloves)
MR       .....                  (no barding)
Stlth    ..........             (no amulet)
HPRegen  0.00/turn              (no ring)
MPRegen  0.08/turn              (no ring)

@: non-regenerating, diseased, very quick
A: large, hooves 3, deformed body, speed 2, tough skin 3
a: Depart the Abyss, Renounce Religion


You were on level 1 of the Abyss.
You worshipped Lugonu.
Lugonu was aware of your devotion.
You were not hungry.

You visited 0 branches of the dungeon, and saw 0 of its levels.
You visited the Abyss 1 time.

You collected 5 gold pieces.

Inventory:

Hand Weapons
 a - a +1 hand axe (weapon)
Armour
 b - a +0 leather armour (worn)
Comestibles
 c - a ration


   Skills:
 + Level 3.0 Fighting
 + Level 1.7 Axes
 + Level 1.3 Armour
 + Level 0.6 Dodging
 + Level 2.0 Invocations


You couldn't memorise any spells.
You didn't know any spells.
Your spell library was empty.

Dungeon Overview and Level Annotations

Branches:
Dungeon (0/15)

Altars:


Innate Abilities, Weirdness & Mutations

You have hooves in place of feet.
Armour fits poorly on your strangely shaped body.
You cover ground very quickly.
You have extremely tough skin. (AC +3)


Message History

The tentacle pulls you backwards!
You feel ill. The starspawn tentacle grabs you.
The starspawn tentacle constricts you.
You escape the starspawn tentacle's grasp.
Found a scroll labeled OCAKHLAFYRCH.
You feel ill.
A raiju comes into view.
The raiju barks!
You see here a scroll labeled OCAKHLAFYRCH.
d - a scroll labeled OCAKHLAFYRCH
As you read the scroll labeled OCAKHLAFYRCH, it crumbles to dust.
You feel blessed for a moment.
It was a scroll of remove curse.
The raiju bursts into living lightning!
The living lightning misses you.
The raiju blinks! x2
Unknown command.
Found a gateway leading deeper into the Abyss.
The raiju bursts into living lightning!
The living lightning hits you!!
Ouch! That really hurt!
You die...

. ... .
.##......##......##. ..
.........>......... ...
................. . ..
................. .. ..
.......................
................... ....
.................. ..
#....@.##......##.....
#......##......##.....
........hX.............
.........x.......... ...
.......................
................. ......
..............X.. ......
..................\.....
##......##......##X││ .


You could see a tentacled starspawn, an ancient zyme, a large abomination and a
raiju.

Vanquished Creatures (others)
  2 starspawn tentacles (Abyss:1)
2 creatures vanquished.

Notes
Turn   | Place    | Note
-------+----------+-------------------------------------------
     0 | Abyss:1  | Gargoyl the Centaur Abyssal Knight began the quest for the
                  | Orb.
     0 | Abyss:1  | Reached XP level 1. HP: 19/19 MP: 2/2
    77 | Abyss:1  | Noticed a large abomination
    89 | Abyss:1  | Noticed a tentacled starspawn
    91 | Abyss:1  | Noticed an ancient zyme
   106 | Abyss:1  | Noticed a raiju
   114 | Abyss:1  | Killed from afar by a raiju

Levels and vault maps discovered:
Abyss:1:  evilmike_abyss_exit_15

Action                   || total
-------------------------++-------
  Use: Scroll            ||     1
       Potion            ||     1
Dodge: Dodged            ||     1

Table legend:
 A = Non-vault XP
 B = Vault XP
 C = Vault XP percentage of total XP
 D = Non-vault monster count
 E = Vault monster count
 F = Vault count percentage of total count
                 A         B        C        D         E       F
            +---------+---------+-------+---------+---------+-------
      Total |       0 |       0 |   N/A |       0 |       0 |  -nan
            +---------+---------+-------+---------+---------+-------
            +---------+---------+-------+---------+---------+-------
